 Dungeon Crawl Stone Soup version 0.31-a0-833-gc15d34cb79 (webtiles) character file.

Game seed: 61886226992676966

70 Kurtz the Chopper (level 4, -2/27 (31) HPs)
             Began as an Octopode Fighter on Sept 25, 2023.
             Was a Follower of Qazlal.
             Slain by Ijyb
             ... wielding a +0 club
              (9 damage)
             ... while paralysed by Ijyb
             ... on level 3 of the Dungeon.
             The game lasted 00:01:00 (1585 turns).

Kurtz the Chopper (Octopode Fighter)                Turns: 1585, Time: 00:01:01

HP:   -2/27 (31)    AC:  1    Str: 15    XL:     4   Next: 21%
MP:   4/4           EV:  2    Int: 10    God:    Qazlal [*.....]
Gold: 73            SH:  0    Dex: 13    Spells: 3/3 levels left

rFire   . . .        h - +1 war axe (vamp)
rCold   . . .        b - +0 buckler
rNeg    . . .        (helmet restricted)
rPois   .            (no amulet)
rElec   .            (no ring)
rCorr   .            (no ring)
SInv    .            (no ring)
Will    .....        (no ring)
Stlth   ++           (no ring)
HPRegen 0.24/turn    (no ring)
MPRegen 0.09/turn    (no ring)
                     (no ring)

%: no passive effects
@: paralysed, heavily drained
A: almost no armour, amphibious, 8 rings, camouflage 1, gelatinous body 1,
(nimble swimmer 1), tentacles
a: Renounce Religion


You were on level 3 of the Dungeon.
You worshipped Qazlal.
Qazlal was aware of your devotion.
You visited 1 branch of the dungeon, and saw 3 of its levels.

You collected 73 gold pieces.

Inventory:

Hand Weapons
 a - a +0 war axe
 h - a +1 vampiric war axe (weapon)
Armour
 b - a +0 buckler (worn)
Jewellery
 l - an amulet of guardian spirit
Scrolls
 d - a scroll of vulnerability {unknown}
 f - a scroll of amnesia {unknown}
 g - 2 scrolls of noise {unknown}
 j - 2 scrolls of identify {unknown}
 n - a scroll of blinking {unknown}
Potions
 c - a potion of might
 e - 4 potions of curing {unknown}
 i - a potion of berserk rage {unknown}
 k - a potion of lignification {unknown}
 m - a potion of resistance {unknown}


   Skills:
 + Level 3.0 Fighting
 * Level 4.3 Axes
 - Level 3.0 Dodging
 - Level 3.0 Shields
 * Level 0.1 Invocations


You had 3 spell levels left.
You didn't know any spells.
Your spell library was empty.

Dungeon Overview and Level Annotations

Branches:
Dungeon (3/15)

Altars:
Qazlal
Yredelemnul

Annotations:
D:3 Ijyb, Robin


Innate Abilities, Weirdness & Mutations

You cannot wear most types of armour.
You are amphibious.
You can wear up to eight rings at the same time.
Your skin changes colour to match your surroundings (Stealth+).
Your rubbery body absorbs attacks. (AC +1, EV +1)
((You are camouflaged when in or above water. (Stealth+)))
You have tentacles for arms and can constrict up to eight enemies at once.


Message History

Robin throws the goblin at you!
The goblin shouts!
You hit the goblin. Your grab misses the goblin. You squeeze the goblin.
You kill the goblin!
Qazlal accepts your kill.
You slash the goblin!
You feel better.
You kill the goblin!
Qazlal accepts your kill.
Robin roars a battlecry!
You hear a shout! x2
Unknown command.
You hit the goblin.
You kill the goblin!
Qazlal accepts your kill.
Items here: )) ††.
Unknown command.
Robin hits you but does no damage.
You feel drained.
Unknown command.
You hit Robin. You grab Robin.
Robin is lightly wounded.
You constrict Robin. You block Robin's attack.
A goblin comes into view. It is wielding a +0 club.
You hit Robin.
Robin is moderately wounded.
You constrict Robin. Robin throws Ijyb at you!
A goblin comes into view. It is wielding a +0 club.
Ijyb hits you with a +0 club! Robin misses you. You block Ijyb's attack.
Unknown command.
You hit Robin.
You feel better.
You squeeze Robin.
Robin is heavily wounded.
You barely miss Ijyb. You constrict Robin. You block Robin's attack.
Ijyb screams, "Get away!"
Ijyb zaps a wand.
You suddenly lose the ability to move!
You lose your grip on Robin.
Robin hits you with a +0 mace of draining.
You feel drained. Ijyb hits you with a +0 club!
Robin hits you with a +0 mace of draining.
* * * LOW HITPOINT WARNING * * *
You feel drained. Ijyb hits you with a +0 club!
You die...

..>......##
.#....#...######
................
...............
#...........
###.).........
#.....########
#...##g## ..# #@#
# #g# #g#
#####g######
#...<......###
#.............
#..........###
................
..#....).....g.g.


You could see Ijyb (strong), Robin and 2 goblins.

Vanquished Creatures
  2 adders
  A worm (D:2)
  A dart slug (D:1)
  4 bats
  An endoplasm (D:1)
  2 giant cockroaches (D:1)
  11 goblins
  11 hobgoblins
  A ball python (D:2)
  3 frilled lizards
  2 kobolds (D:1)
  4 rats
43 creatures vanquished.

Notes
Turn   | Place    | Note
-------+----------+-------------------------------------------
     0 | D:1      | Kurtz the Octopode Fighter began the quest for the Orb.
     0 | D:1      | Reached XP level 1. HP: 16/16 MP: 1/1
    62 | D:1      | Reached XP level 2. HP: 21/21 MP: 2/2
   103 | D:1      | Reached skill level 3 in Axes
   432 | D:1      | Reached XP level 3. HP: 19/26 MP: 3/3
  1069 | D:2      | Reached skill level 4 in Axes
  1284 | D:2      | Found a faded altar of an unknown god.
  1426 | D:2      | Prayed at the altar of an unknown god.
  1426 | D:2      | Became a worshipper of Qazlal Stormbringer
  1426 | D:2      | Reached * piety under Qazlal
  1478 | D:2      | Found a basalt altar of Yredelemnul.
  1563 | D:3      | Noticed Robin
  1564 | D:3      | Noticed Ijyb
  1573 | D:3      | Reached XP level 4. HP: 31/31 MP: 4/4
  1583 | D:3      | Paralysed by Ijyb for 3 turns
  1585 | D:3      | Slain by Ijyb

Illustrated notes

Levels and vault maps discovered:
D:1:      dpeg_arrival_court, layout_loops_ring
D:2:      layout_loops_cross, basic_altar, ebering_ecumenical_altar_webs,
          serial_bayou_pond_b, minmay_pentomino_w2
D:3:      layout_rooms, lemuel_coloured_pillars_altar, general_overflow_altar,
          mainiacjoe_overflow_catwalk, nicolae_overflow_hidden_temple,
          gup_sewer_entry_glass, nicolae_goblin_pals

Skill      XL: |  1  2  3 |
---------------+----------+-----
Axes           | 3 4 |  4.3
Fighting       | |  3.0
Dodging        | |  3.0
Shields        | |  3.0
Invocations    | |  0.1

Action                     |  1- 3 |  4- 6 || total
---------------------------+-------+-------++-------
  Melee: War axe           |    63 |     7 ||    70
         Constrict         |    17 |     1 ||    18
         Tentacles         |     8 |     2 ||    10
         Punch             |     1 |       ||     1
   Stab: Sleeping          |     6 |       ||     6
 Armour: Skin              |    20 |     9 ||    29
  Dodge: Dodged            |    26 |     2 ||    28
  Block: Buckler           |    10 |     3 ||    13

Table legend: (Time is in decaauts)
 A = Elapsed time spent in this place.
 B = Non-inter-level travel time spent in this place.
 C = Inter-level travel time spent in this place.
 D = Time resting spent in this place.
 E = Time spent auto-exploring this place.
 F = Levels seen in this place.
 G = Mean time per level.
                   A        B        C        D        E       F      G
               +--------+--------+--------+--------+--------+-----+--------+
         Total |   1609 |   1516 |     93 |      0 |   1251 |   3 |  536.3 |
       Dungeon |   1609 |   1516 |     93 |      0 |   1251 |   3 |  536.3 |
               +--------+--------+--------+--------+--------+-----+--------+

Top non-repeatable levels by time:
     D:1: 833 daAuts
     D:2: 750 daAuts
     D:3: 26 daAuts
